 Dungeon Crawl Stone Soup version bcrawl-1.39.1 (webtiles) character file.

Game seed: 12754208082253398413

340219 Tinttamiau the Basher (level 10, -3/102 HPs)
             Began as a Sand Dwarf Fighter on Oct 3, 2023.
             Was an Elder of Cheibriados.
             Slain by a death yak (21 damage)
             ... on level 7 of the Dungeon.
             The game lasted 00:14:55 (7152 turns).

Tinttamiau the Basher (Sand Dwarf Fighter)          Turns: 7152, Time: 00:14:55

Health: -3/102     AC: 12    Str: 40    XL:     10   Next: 47%
Magic:  10/10      EV:  8    Int: 18    God:    Cheibriados [****..]
Gold:   77         SH: 15    Dex: 17    Spells: 3/9 levels left

rFire    . . .     GDR:     36% G - +2 whip (elec)
rCold    + . .     SeeInvis .   c - +1 medium shield
rNeg     . . .     Gourm    +   b - +0 scale mail
rPois    .         Faith    .   (helmet restricted)
rElec    .         Spirit   .   (no cloak)
rCorr    .         Reflect  .   (no gloves)
MR       +....     Clarity  +   d - +2 pair of boots {Stlth++}
Stlth    ++........             j - amulet of the gourmand
HPRegen  0.27/turn              f - ring "Afuiduex" {+Fly rC+}
MPRegen  0.12/turn              p - ring of wizardry

@: mighty, lightly drained, very slow
A: small, antennae 1, clumsy 1, robust 1, slowness 1, strong 1, armour
attunement
a: Bend Time, Defer, Temporal Distortion, Renounce Religion, Evoke Flight


You were on level 7 of the Dungeon.
You worshipped Cheibriados.
Cheibriados was greatly pleased with you.
You were not hungry.

You visited 2 branches of the dungeon, and saw 9 of its levels.

You collected 578 gold pieces.
You spent 501 gold pieces at shops.

Inventory:

Hand Weapons
 a - a +0 flail
 q - a +1 spear of venom
 t - a +0 morningstar
 u - a +0 vampiric whip
 G - a +2 whip of electrocution (weapon)
Missiles
 m - 86 tomahawks of dispersal {=f}
Armour
 b - a +0 scale mail (worn)
 c - a +1 medium shield (worn)
 d - a +2 pair of boots of stealth (worn)
Jewellery
 f - the ring "Afuiduex" (left hand) {+Fly rC+}
   (You found it on level 1 of the Dungeon)

   [ring of flight]

   It protects you from cold.
   It lets you fly.
 j - an amulet of the gourmand (around neck)
 p - a ring of wizardry (right hand)
Wands
 w - a wand of polymorph (4)
 z - a wand of digging (3)
 C - a wand of flame (1)
Scrolls
 g - 3 scrolls of teleportation
 n - 6 scrolls of revelation
 o - 2 scrolls of enchant weapon
 r - a scroll of remove curse
 s - a scroll of enchant armour
 y - 5 scrolls of fog
Potions
 h - 2 potions of curing
 i - a potion of degeneration
 l - 2 potions of flight
 v - 2 potions of ambrosia
 x - 2 potions of agility
 A - a potion of might
 B - a potion of brilliance {unknown}
Comestibles
 e - 12 rations {!d}


   Skills:
 + Level 9.8(9.7) Fighting
 + Level 11.0(10.9) Maces & Flails
 + Level 9.7 Armour
 + Level 8.2(8.1) Shields


You had 3 spell levels left.
You knew the following spells:

 Your Spells              Type           Power        Failure   Level  Hunger
a - Regeneration          Chrm/Necr      #.........   98%         3    #####..
b - Spectral Weapon       Hex/Chrm       #.......     98%         3    #####..

Your spell library contained the following spells:

 Spells                   Type           Power        Failure   Level  Hunger
 Infusion                 Chrm           #.......     75%         1    None
 Song of Slaying          Chrm           #.......     86%         2    ####...
 Swiftness                Chrm/Air       #.......     86%         2    ####...
 Ozocubu's Armour         Chrm/Ice       #.......     98%         3    #####..


Dungeon Overview and Level Annotations

Branches:
Dungeon (8/12)             Temple (1/1) D:4            Lair (0/6) D:8
    Orc: D:8-11

Altars:
Ashenzari
Cheibriados
Dithmenos
Elyvilon
Fedhas
Gozag
Hepliaklqana
Kikubaaqudgha
Lugonu
Nemelex Xobeh
Okawaru
Qazlal
Ru
Sif Muna
Uskayaw
Vehumet
Xom
Yredelemnul
Zin
The Shining One

Shops:
D:7 *}!

Annotations:
D:5 2 transporters
D:8 Grum


Innate Abilities, Weirdness & Mutations

You are small and have problems with some larger weapons.
You cover ground slowly.
Armour does not affect your spellcasting.
You have a pair of small antennae on your head.
You are clumsy. (Dex -2)
You are robust. (+10% HP)
Your muscles are strong. (Str +2)


Message History

You feel much better. The death yak barely misses you.
You block the death yak's attack. The death yak gores you!
You feel very mighty all of a sudden.
The death yak gores you but does no damage.
You block the death yak's attack. x2
You whack the death yak!
Lightning courses through the death yak!!
You kill the death yak!
Cheibriados appreciates the change of pace.
You block the death yak's attack.
Your base Maces & Flails skill increases to level 11!
Your Shields skill increases to level 8!
Your shield prevents you from hitting the death yak.
The death yak is lightly wounded.
The death yak gores you! x2
* * * LOW HITPOINT WARNING * * *
You whack the death yak!
The death yak is lightly wounded.
The rat bites you but does no damage. The death yak gores you!!
You die...

#.#########.##
#............# #
###########..# # #..# #
#..# # #..########## #
#...........#
################Y#######.##
...............r@# #.#
..#.##.#########Y# #.#
.#..##.# #####.# #.#
..#.##.#####...#.# #.#
..#..............# #.#
#.#.##.#####.#.### #.#
#..###(# #.....# #.#
##.###.# #..#..# #.#
#..##.# #..#..# #.#


You could see 2 death yaks and a rat.

Vanquished Creatures
  A death yak (D:7)
  A tengu warrior (D:7)
  A kobold demonologist (D:7)
  A hippogriff (D:7)
  A blink frog (D:7)
  3 yaks
  A hungry ghost (D:5)
  A porcupine (D:8)
  An orc warrior (D:6)
  An ice beast (D:6)
  A sky beast (D:2)
  A black bear (D:7)
  2 ogres
  4 bullfrogs
  A kobold brigand (D:7)
  2 centaurs
  4 orc priests
  A bullfrog zombie (D:7)
  6 hounds
  2 jellies
  A bullfrog skeleton (D:4)
  A gnoll shaman (D:4)
  Ijyb (D:3)
  10 orc wizards
  A hell rat (D:7)
  8 worker ants
  2 hound skeletons
  4 gnolls (D:4)
  9 adders
  2 river rats (D:8)
  A shadow imp (D:7)
  2 adder zombies
  3 worms
  4 leopard geckos
  19 orcs
  3 ball pythons
  6 giant cockroaches
  10 goblins
  8 hobgoblins
  6 quokkas
  A bat (D:2)
  2 frilled lizards
  19 kobolds
  10 rats
169 creatures vanquished.

Vanquished Creatures (collateral kills)
  A rat (D:8)
1 creature vanquished.

Vanquished Creatures (others)
  An orc (D:8)
1 creature vanquished.

Grand Total: 171 creatures vanquished

Notes
Turn   | Place    | Note
-------+----------+-------------------------------------------
     0 | D:1      | Tinttamiau the Sand Dwarf Fighter began the quest for the
                  | Orb.
     0 | D:1      | Reached XP level 1. HP: 19/19 MP: 1/1
    27 | D:1      | Got a fine wooden ring
   151 | D:1      | Reached XP level 2. HP: 22/27 MP: 2/2
   384 | D:1      | Identified the ring "Afuiduex" {+Fly rC+} (You found it on
                  | level 1 of the Dungeon)
  1209 | D:2      | Reached XP level 3. HP: 20/33 MP: 3/3
  1641 | D:2      | Noticed a sky beast
  1663 | D:2      | Killed a sky beast
  1664 | D:2      | Reached skill level 4 in Maces & Flails
  1664 | D:2      | Reached XP level 4. HP: 13/41 MP: 4/4
  1664 | D:2      | Reached XP level 5. HP: 15/47 MP: 5/5
  2555 | D:3      | Noticed Ijyb
  2561 | D:3      | Killed Ijyb
  3024 | D:4      | Reached skill level 5 in Fighting
  3024 | D:4      | Reached skill level 5 in Maces & Flails
  3024 | D:4      | Reached skill level 5 in Armour
  3024 | D:4      | Reached XP level 6. HP: 53/56 MP: 6/6
  3107 | D:4      | Found a staircase to the Ecumenical Temple.
  3142 | Temple   | Entered the Ecumenical Temple
  3256 | Temple   | Became a worshipper of Cheibriados the Contemplative
  3790 | D:5      | Entered Level 5 of the Dungeon
  3814 | D:5      | Noticed a hungry ghost
  3825 | D:5      | Reached XP level 7. HP: 56/61 MP: 7/7
  3865 | D:5      | Killed a hungry ghost
  3866 | D:5      | Reached skill level 6 in Maces & Flails
  3934 | D:5      | Reached * piety under Cheibriados
  3994 | D:5      | Reached skill level 5 in Shields
  4260 | D:6      | Learned a level 3 spell: Regeneration
  4264 | D:6      | Learned a level 3 spell: Spectral Weapon
  4319 | D:6      | Reached skill level 7 in Maces & Flails
  4319 | D:6      | Reached XP level 8. HP: 56/71 MP: 8/8
  4590 | D:5      | Reached ** piety under Cheibriados
  4606 | D:5      | Found a transporter.
  5046 | D:5      | Found a transporter.
  5180 | D:6      | Reached skill level 8 in Maces & Flails
  5577 | D:7      | Noticed a yak
  5578 | D:7      | Noticed a yak
  5582 | D:7      | Noticed a kobold demonologist
  5595 | D:6      | Killed a yak
  5596 | D:6      | Reached XP level 9. HP: 47/80 MP: 9/9
  5723 | D:7      | Found Niqe's General Store.
  5731 | D:7      | Bought a scroll of summoning for 160 gold pieces
  5731 | D:7      | Bought a potion of ambrosia for 64 gold pieces
  5859 | D:7      | Reached skill level 9 in Maces & Flails
  6068 | D:7      | Reached *** piety under Cheibriados
  6170 | D:7      | Found Wollon Suuh's Gadget Boutique.
  6351 | D:7      | Noticed a tengu warrior
  6355 | D:7      | Gained mutation: You have a pair of small antennae on your
                  | head. [potion of mutation]
  6355 | D:7      | Gained mutation: You are robust. (+10% HP) [potion of
                  | mutation]
  6355 | D:7      | Gained mutation: You are clumsy. (Dex -2) [potion of
                  | mutation]
  6355 | D:7      | Gained mutation: Your muscles are strong. (Str +2) [potion
                  | of mutation]
  6366 | D:7      | Killed a tengu warrior
  6367 | D:7      | Reached skill level 10 in Maces & Flails
  6367 | D:7      | Reached XP level 10. HP: 76/100 MP: 10/10
  6438 | D:7      | Found Ozeclang's Distillery.
  6477 | D:7      | Killed a kobold demonologist
  6647 | D:7      | Bought a potion of curing for 37 gold pieces
  6647 | D:7      | Bought 2 potions of agility for 120 gold pieces
  6647 | D:7      | Bought 2 potions of might for 120 gold pieces
  6919 | D:8      | Noticed a death yak
  6925 | D:7      | Reached **** piety under Cheibriados
  7121 | D:8      | Found a staircase to the Lair.
  7129 | D:8      | Noticed a death yak
  7131 | D:8      | Noticed a death yak
  7139 | D:8      | Noticed Grum
  7150 | D:7      | Killed a death yak
  7151 | D:7      | Reached skill level 11 in Maces & Flails
  7152 | D:7      | Slain by a death yak

Skill      XL: |  1  2  3  4  5  6  7  8  9 10 |
---------------+-------------------------------+-----
Fighting       | 4 5 6 7 9 |  9.8
Armour         | 4 5 6 7 9 |  9.7
Maces & Flails | 4 5 7 8 10 11 | 11.0
Shields        | 4 5 6 7 8 |  8.2

Action                   |  1- 3 |  4- 6 |  7- 9 | 10-12 || total
-------------------------+-------+-------+-------+-------++-------
Melee: Flail             |    95 |       |    25 |       ||   120
       Spear             |    38 |   145 |   290 |       ||   473
       Whip              |       |       |    30 |    57 ||    87
Evoke: Wand              |       |       |     8 |       ||     8
  Use: Scroll            |     3 |     3 |     7 |     1 ||    14
       Potion            |     1 |     1 |     8 |     3 ||    13
 Stab: Sleeping          |       |     3 |     4 |     1 ||     8
  Eat: Chunk             |     8 |    11 |    23 |     1 ||    43
       Ration            |       |     1 |     4 |       ||     5
Armor: Scale mail        |    51 |    74 |   169 |    21 ||   315
Dodge: Dodged            |    21 |    53 |    53 |    12 ||   139
Block: Medium shield     |    67 |    88 |   220 |    52 ||   427
